 Dungeon Sprint DCSS version 0.28.0 (webtiles) character file.

Game seed: 3152529343495852778

505 rocky1 the Spear-Bearer (level 7, -6/59 HPs)
             Began as a Merfolk Gladiator on Feb 9, 2022.
             Was a Follower of Okawaru.
             Mangled by a hellwing (8 damage)
             ... in the Dungeon (Sprint VII: "The Pits").
             The game lasted 00:03:13 (1450 turns).

rocky1 the Spear-Bearer (Merfolk Gladiator)         Turns: 1450, Time: 00:03:13

Health: -6/59      AC: 11    Str: 17    XL:     7   Next: 18%
Magic:  11/11      EV: 13    Int:  7    God:    Okawaru [*.....]
Gold:   0          SH:  0    Dex: 15    Spells: 6/6 levels left

rFire   . . .      SeeInvis .   m - +0 trident (vorpal)
rCold   . . .      Faith    .   (no shield)
rNeg    . . .      Spirit   .   p - +3 scale mail
rPois   .          Reflect  .   c - +0 helmet
rElec   .          Harm     .   (no cloak)
rCorr   .          Rampage  .   (no gloves)
Will    .....      NoTele   +   (no boots)
Stlth   ..........              (no amulet)
HPRegen 0.19/turn               (no ring)
MPRegen 0.12/turn               (no ring)

@: flayed, on berserk cooldown, slowed, very slow
A: (nimble swimmer 2), mertail
a: Renounce Religion, Heroism


You were in the Dungeon.
You worshipped Okawaru.
Okawaru was aware of your devotion.
You visited 1 branch

Inventory:

Hand Weapons
 a - a +2 trident of venom
 m - a +0 vorpal trident (weapon)
 n - a +0 quarterstaff of protection
Missiles
 d - 3 throwing nets (quivered)
Armour
 b - a +0 buckler
 c - a +0 helmet (worn)
 p - a +3 scale mail (worn)
Scrolls
 j - a scroll of blinking
 l - 5 scrolls of amnesia
Potions
 e - 5 potions of curing
 f - 3 potions of heal wounds
 g - a potion of haste
 h - 4 potions of magic
 i - 2 potions of berserk rage
 k - 2 potions of invisibility


   Skills:
 + Level 6.8 Fighting
 + Level 13.5 Polearms
 - Level 2.0 Throwing
 + Level 4.3 Armour
 + Level 8.7 Dodging
 + Level 6.3 Invocations


You had 6 spell levels left.
You didn't know any spells.
Your spell library was empty.

Dungeon Overview and Level Annotations

Branches:
Dungeon (1/1)

Altars:
Ashenzari
Cheibriados
Dithmenos
Elyvilon
Fedhas
Gozag
Hepliaklqana
Kikubaaqudgha
Makhleb
Nemelex Xobeh
Okawaru
Qazlal
Ru
Sif Muna
Trog
Uskayaw
Vehumet
Wu Jian
Xom
Yredelemnul
Zin
The Shining One
Beogh
Jiyva
Lugonu


Innate Abilities, Weirdness & Mutations

((You are very nimble when in or above water. (Stealth+, EV+, Speed+++)))
Your lower body shifts to a powerful aquatic tail in water.


Message History

The hellwing is severely wounded.
You barely miss the hellwing.
You punch the hellwing, but do no damage.
The hellwing is severely wounded.
The hellwing hits you but does no damage.
The hellwing hits you!
You hit the hellwing but do no damage.
The hellwing is heavily wounded.
The hellwing barely misses you. The hellwing hits you.
You completely miss the hellwing.
The hellwing is heavily wounded.
The hellwing hits you but does no damage. x2
You hit the hellwing but do no damage. You punch the hellwing.
The hellwing is severely wounded.
The flayed ghost stares at you with tortured malice.
Terrible wounds spread across more of your body!
The hellwing hits you!
* * * LOW HITPOINT WARNING * * *
The hellwing hits you.
* * * LOW HITPOINT WARNING * * *
You hit the hellwing but do no damage.
The hellwing is heavily wounded.
The hellwing completely misses you.
The hellwing hits you but does no damage.
You hit the hellwing but do no damage.
The hellwing is heavily wounded.
The hellwing hits you.
* * * LOW HITPOINT WARNING * * *
The hellwing barely misses you.
You completely miss the hellwing.
The hellwing is heavily wounded.
The hellwing barely misses you.
The hellwing hits you but does no damage.
You hit the hellwing but do no damage.
The hellwing is heavily wounded.
The hellwing closely misses you. The hellwing misses you.
You hit the hellwing but do no damage.
The hellwing is heavily wounded.
The hellwing hits you!
You die...

#.#.)......##.......#
#.#........##.......#
#.#####'#####...<...#
#.#...)....##.......#
#†#..[)))..##.......#
#)###########.......#
#.......#..##########
#.###...#.# ###
#.#.....#@# ...#
#.#...#.#4#.g..#
#.....#.#W'..W.+
#...###.#'#....#
#.......'.#....#
########### ####


You could see a flayed ghost and a hellwing.

Vanquished Creatures
  3 sky beasts (D)
  A centaur (D)
  A gnoll sergeant (D)
  3 gnolls (D)
  A river rat (D)
  3 adders (D)
  A white imp (D)
  An ufetubus (D)
  An orc (D)
  An endoplasm (D)
  A giant cockroach (D)
  A goblin (D)
  A hobgoblin (D)
  3 jackals (D)
  A quokka (D)
  A quokka zombie (D)
  A rat (D)
25 creatures vanquished.

Notes
Turn   | Place    | Note
-------+----------+-------------------------------------------
     0 | D        | rocky1 the Merfolk Gladiator began the quest for the Orb.
     0 | D        | Reached XP level 1. HP: 16/16 MP: 1/1
    17 | D        | Reached skill level 7 in Polearms
    17 | D        | Reached XP level 2. HP: 14/22 MP: 2/2
    21 | D        | Found a bloodstained altar of Trog.
    21 | D        | Found a shimmering blue altar of Sif Muna.
    21 | D        | Found a viscous altar of Jiyva.
    21 | D        | Found a hazy altar of Hepliaklqana.
    21 | D        | Found an opulent altar of Gozag.
    22 | D        | Found a glowing golden altar of the Shining One.
    22 | D        | Found a glowing silver altar of Zin.
    22 | D        | Found a basalt altar of Yredelemnul.
    22 | D        | Found a shimmering altar of Xom.
    22 | D        | Found an ornate altar of the Wu Jian Council.
    22 | D        | Found a sacrificial altar of Ru.
    22 | D        | Found a stormy altar of Qazlal.
    22 | D        | Found an iron altar of Okawaru.
    22 | D        | Found a sparkling altar of Nemelex Xobeh.
    22 | D        | Found a burning altar of Makhleb.
    22 | D        | Found a blossoming altar of Fedhas.
    22 | D        | Found a white marble altar of Elyvilon.
    22 | D        | Found a shadowy altar of Dithmenos.
    22 | D        | Found a snail-covered altar of Cheibriados.
    25 | D        | Found a corrupted altar of Lugonu.
    25 | D        | Found a radiant altar of Vehumet.
    26 | D        | Found an ancient bone altar of Kikubaaqudgha.
    26 | D        | Found a hide-covered altar of Uskayaw.
    26 | D        | Found a broken altar of Ashenzari.
    30 | D        | Became a worshipper of Warmaster Okawaru
   263 | D        | Reached skill level 8 in Polearms
   273 | D        | Reached skill level 9 in Polearms
   281 | D        | Reached XP level 3. HP: 13/27 MP: 3/3
   531 | D        | Reached skill level 10 in Polearms
   719 | D        | Noticed a centaur
   726 | D        | Killed a centaur
   727 | D        | Reached skill level 11 in Polearms
   727 | D        | Reached skill level 1 in Armour
   727 | D        | Reached skill level 5 in Dodging
   727 | D        | Reached XP level 4. HP: 35/37 MP: 3/6
   727 | D        | Reached XP level 5. HP: 39/42 MP: 3/7
   728 | D        | Noticed a sky beast
   740 | D        | Killed a sky beast
   741 | D        | Reached skill level 5 in Fighting
   741 | D        | Reached skill level 12 in Polearms
   746 | D        | Reached * piety under Okawaru
   863 | D        | Reached XP level 6. HP: 44/51 MP: 9/9
   902 | D        | Noticed a sky beast
   906 | D        | Killed a sky beast
   907 | D        | Reached skill level 5 in Invocations
  1009 | D        | Noticed a sky beast
  1026 | D        | Killed a sky beast
  1027 | D        | Reached skill level 13 in Polearms
  1042 | D        | Reached XP level 7. HP: 59/59 MP: 11/11
  1402 | D        | Noticed a flayed ghost
  1402 | D        | Noticed a hellwing
  1447 | D        | HP: 2/59 [hellwing (4)]
  1450 | D        | Mangled by a hellwing

Illustrated notes

Levels and vault maps discovered:
D:        pitsprint [storerooms_1, entrance_room_1, metal_vault_3, armoury_1,
          mini_pit_1, grid_room_1, main_hall_1, silver_pit, the_coven_2,
          the_vestibule_1, steel_vault_3, golden_pit, hallway_of_sentries,
          crystal_vault_6, iron_vault_1, final_vault]

Skill      XL: |  1  2  3  4  5  6 |
---------------+-------------------+-----
Polearms       | 7 9 11 12 13 | 13.5
Fighting       | 3 5 6 |  6.8
Armour         | 1 3 4 |  4.3
Dodging        | 5 6 8 |  8.7
Invocations    | 2 4 6 |  6.3
Throwing       | |  2.0

Action                   |  1- 3 |  4- 6 |  7- 9 || total
-------------------------+-------+-------+-------++-------
Melee: Trident           |    37 |    44 |    57 ||   138
       Punch             |       |     1 |     3 ||     4
  Use: Potion            |       |       |     5 ||     5
 Stab: Sleeping          |     2 |       |       ||     2
Armor: Leather armour    |     4 |       |       ||     4
       Scale mail        |     2 |    12 |    20 ||    34
Dodge: Dodged            |    18 |    14 |    28 ||    60
